 Dungeon Crawl Stone Soup version 0.30-a0-591-g3c58d2bc28 (webtiles) character file.

Game seed: 12284010752970163035

25 Citaku the Covered (level 2, 0/27 HPs)
             Began as a Minotaur Fighter on Jan 6, 2023.
             Killed from afar by Sigmund (6 damage)
             ... with a magic dart
             ... on level 2 of the Dungeon.
             The game lasted 00:01:18 (1000 turns).

Citaku the Covered (Minotaur Fighter)               Turns: 1000, Time: 00:01:18

Health: 0/27       AC:  7    Str: 20    XL:     2   Next: 82%
Magic:  1/1        EV:  9    Int:  5    God:
Gold:   54         SH:  4    Dex:  9    Spells: 1/1 levels left

rFire   . . .      SeeInvis .    a - +0 war axe
rCold   . . .      Faith    .    c - +0 buckler
rNeg    . . .      Spirit   .    b - +0 scale mail
rPois   .          Reflect  .    (helmet restricted)
rElec   .          Harm     .    (no cloak)
rCorr   .          Rampage  .    (no gloves)
Will    .....                    (no boots) Stlth
                                 (no amulet)
HPRegen 0.24/turn                (no ring)
MPRegen 0.07/turn                (no ring)

@: mighty
A: horns 2, retaliatory headbutt
a: no special abilities


You were on level 2 of the Dungeon.
You visited 1 branch of the dungeon, and saw 2 of its levels.

You collected 54 gold pieces.

Inventory:

Hand Weapons
 a - a +0 war axe (weapon)
Armour
 b - a +0 scale mail (worn)
 c - a +0 buckler (worn)
Scrolls
 e - a scroll of acquirement {unknown}
Potions
 f - a potion of haste {unknown}


   Skills:
 + Level 3.9 Fighting
 * Level 3.0 Axes
 * Level 4.1 Armour
 + Level 3.9 Shields


You had one spell level left.
You didn't know any spells.
Your spell library was empty.

Dungeon Overview and Level Annotations

Branches:
Dungeon (2/15)

Altars:

Annotations:
D:2 Sigmund


Innate Abilities, Weirdness & Mutations

You have a pair of horns on your head.
You reflexively headbutt those who attack you in melee.


Message History

There is an escape hatch in the ceiling here.
You now have 54 gold pieces (gained 14).
An endoplasm comes into view.
The endoplasm quivers.
An endoplasm is nearby!
You block the endoplasm's attack.
You barely miss the endoplasm. The endoplasm closely misses you.
You furiously retaliate!
You headbutt the endoplasm. You slash the endoplasm!
You kill the endoplasm!
You open the door.
An endoplasm comes into view.
The endoplasm quivers.
An endoplasm is nearby!
Sigmund the Dreaded comes into view.
He is wielding a +0 scythe.
The endoplasm freezes you.
You are frozen.
There is an open door here.
The endoplasm hits you but does no damage.
Sigmund hits you from afar with a +0 scythe.
The endoplasm freezes you.
You are frozen.
You feel very mighty all of a sudden. Sigmund gestures at you while chanting.
You are confused.
The endoplasm hits you.
You miss Sigmund. You slash the endoplasm!
You kill the endoplasm!
Sigmund hits you with a +0 scythe!
You miss Sigmund. Sigmund hits you but does no damage.
Sigmund breathes a few words.
Sigmund's hands start flickering wildly.
Sigmund hits you with a +0 scythe!
* * * LOW HITPOINT WARNING * * *
You barely miss Sigmund. Sigmund closely misses you.
You closely miss Sigmund.
You feel less confused. Sigmund gestures at you while chanting.
The magic dart hits you.
You die...

######### #.......#
#....@..####
#.....@.+..#
#.......##.#
#.......##.###########
#.####'###.##.........
#. #.....##.......## .
####.###.##........# .
#...........>...)..#
###...#..#..........


You could see Sigmund.

Vanquished Creatures
  2 worms (D:2)
  5 endoplasms
  A giant cockroach (D:1)
  A goblin (D:1)
  A quokka (D:1)
  2 ball pythons (D:1)
  A frilled lizard (D:1)
  3 kobolds (D:1)
  3 rats (D:1)
19 creatures vanquished.

Notes
Turn   | Place    | Note
-------+----------+-------------------------------------------
     0 | D:1      | Citaku the Minotaur Fighter began the quest for the Orb.
     0 | D:1      | Reached XP level 1. HP: 19/19 MP: 0/0
   378 | D:1      | Reached XP level 2. HP: 27/27 MP: 1/1
   895 | D:2      | Reached skill level 4 in Armour
   990 | D:2      | Noticed Sigmund
  1000 | D:2      | Killed from afar by Sigmund

Illustrated notes

Levels and vault maps discovered:
D:1:      dpeg_arrival_court, layout_basic
D:2:      layout_basic, hellmonk_ecumenical_altar_zigzags, uniq_sigmund

Skill      XL: |  1  2 |
---------------+-------+-----
Armour         | 4 |  4.1
Axes           | 3 |  3.0
Fighting       | |  3.9
Shields        | |  3.9

Action                   || total
-------------------------++-------
Melee: War axe           ||    40
       Headbutt          ||     4
  Use: Potion            ||     1
Armor: Scale mail        ||    13
Dodge: Dodged            ||     9
Block: Buckler           ||     7

Table legend: (Time is in decaauts)
 A = Elapsed time spent in this place.
 B = Non-inter-level travel time spent in this place.
 C = Inter-level travel time spent in this place.
 D = Time resting spent in this place.
 E = Time spent auto-exploring this place.
 F = Levels seen in this place.
 G = Mean time per level.
                   A        B        C        D        E       F      G
               +--------+--------+--------+--------+--------+-----+--------+
         Total |   1014 |   1014 |      0 |      0 |    823 |   2 |  507.0 |
       Dungeon |   1014 |   1014 |      0 |      0 |    823 |   2 |  507.0 |
               +--------+--------+--------+--------+--------+-----+--------+

Top non-repeatable levels by time:
     D:1: 879 daAuts
     D:2: 135 daAuts
